 Dungeon Crawl Stone Soup version 0.22.0-27-ga576289 (webtiles) character file.

105 Ijustatesigmund the Chopper (level 4, 0/44 HPs)
             Began as a Deep Dwarf Fighter on Aug 22, 2018.
             Killed by divine providence
             ... invoked by an orc priest
              (14 damage)
             ... on level 3 of the Dungeon.
             The game lasted 00:04:02 (1342 turns).

Ijustatesigmund the Chopper (Deep Dwarf Fighter)    Turns: 1342, Time: 00:04:04

Health: 0/44       AC: 10    Str: 19    XL:     4   Next: 54%
Magic:  3/3        EV:  5    Int:  9    God:
Gold:   75         SH:  9    Dex: 13    Spells: 3/3 levels left

rFire    . . .     SeeInvis .   a - +1 war axe
rCold    . . .     Gourm    .   c - +0 shield
rNeg     . . .     Faith    .   b - +0 chain mail (curse)
rPois    .         Spirit   .   (no helmet)
rElec    .         Reflect  .   (no cloak)
rCorr    .         Harm     .   (no gloves)
MR       .....     Rnd*Tele +   (no boots)
Stlth    ..........             (no amulet)
HPRegen  0.00/turn              l - ring of teleportation (curse)
MPRegen  0.08/turn              n - +1 ring of protection

@: non-regenerating
A: damage resistance, heal wounds, sense surroundings 1, no regeneration
a: Heal Wounds


You were on level 3 of the Dungeon.
You were hungry.

You visited 1 branch of the dungeon, and saw 3 of its levels.

You collected 75 gold pieces.

Inventory:

Hand Weapons
 a - a +1 war axe (weapon)
Armour
 b - a cursed +0 chain mail (worn)
 c - a +0 shield (worn)
Jewellery
 l - a cursed ring of teleportation (left hand)
 n - a +1 ring of protection (right hand)
Scrolls
 j - 2 scrolls of teleportation
Potions
 e - 2 potions of magic
 g - a potion of haste {unknown}
 h - a potion of brilliance {unknown}
 i - a potion of heal wounds {unknown}
 k - a potion of degeneration {unknown}
 m - a potion of ambrosia {unknown}
Comestibles
 f - 3 rations


   Skills:
 + Level 3.9 Fighting
 + Level 4.0 Axes
 - Level 3.2 Armour
 - Level 3.2 Shields


You had 3 spell levels left.
You didn't know any spells.
Your spell library was empty.

Dungeon Overview and Level Annotations

Branches:
Dungeon (3/15)

Altars:
Elyvilon
Okawaru
Zin


Innate Abilities, Weirdness & Mutations

You are resistant to damage.
You can heal yourself by infusing magical energy.
You passively map a small area around you.
You do not regenerate.


Message History

The orc priest looks braver for a moment.
The orc wizard gestures at you while chanting.
The magic dart hits you!
The orc wizard points at you and mumbles some strange words.
The magic dart hits you!
You slash the orc wizard!
The orc wizard is heavily wounded.
The orc wizard gestures at you while chanting.
The puff of frost hits you!
Your chain mail prevents you from hitting the orc wizard.
The orc wizard is heavily wounded.
The orc wizard hits you but does no damage.
The orc wizard completely misses you.
You hit the orc wizard.
The orc wizard is severely wounded.
The orc priest mumbles some strange prayers to Beogh against you.
Beogh smites you! The orc wizard hits you with a dagger.
The orc priest invokes the aid of Beogh against you.
Beogh smites you!
You die...

.... *#.. ,*
....##..# ,
.)..#...#
....#.#.# *
...#.#.# , #?.#.#
, , #.#..########
* #
###....@oooo... *
.#.#..)#.#######..
* , #.....##..# *
, #........## ,
#.......<.#, , ,
............# *
,..##.###........
. *#. ..##..##. *
, ., .## #.:.,* *


You could see an orc priest, an orc wizard and 2 orcs.

Vanquished Creatures
  Terence (D:2)
  4 adders (D:2)
  A worm (D:2)
  4 giant cockroaches
  3 goblins
  5 hobgoblins
  6 jackals (D:1)
  7 bats
  2 frilled lizards
  5 kobolds
  3 rats
41 creatures vanquished.

Notes
Turn   | Place    | Note
-------+----------+-------------------------------------------
     0 | D:1      | Ijustatesigmund the Deep Dwarf Fighter began the quest for the Orb.
     0 | D:1      | Reached XP level 1. HP: 20/20 MP: 1/1
   148 | D:1      | Reached XP level 2. HP: 28/28 MP: 2/2
   502 | D:1      | Reached skill level 3 in Axes
   662 | D:2      | Reached XP level 3. HP: 27/34 MP: 3/3
   824 | D:2      | Found a glowing silver altar of Zin.
   828 | D:2      | Found an iron altar of Okawaru.
   833 | D:2      | Found a white marble altar of Elyvilon.
   896 | D:2      | Reached XP level 4. HP: 32/44 MP: 4/4
  1003 | D:2      | Noticed Terence
  1019 | D:2      | Killed Terence
  1019 | D:2      | Reached skill level 4 in Axes
  1342 | D:3      | Killed from afar by an orc priest

Skill      XL: |  1  2  3  4 |
---------------+-------------+-----
Fighting       | 3 |  3.9
Axes           | 3 4 |  4.0
Armour         | |  3.2
Shields        | |  3.2

Action                   |  1- 3 |  4- 6 || total
-------------------------+-------+-------++-------
Melee: War axe           |    96 |    32 ||   128
 Abil: Heal Wounds       |       |     1 ||     1
  Use: Scroll            |     3 |     1 ||     4
       Potion            |       |     1 ||     1
  Eat: Chunk             |       |     1 ||     1
Armor: Scale mail        |    51 |     5 ||    56
       Chain mail        |       |     7 ||     7
Dodge: Dodged            |    28 |     7 ||    35
Block: Shield            |    61 |    11 ||    72
